AoeStats
← ronaldo_nazario

Arabia

509642116Analyzed
1v1 RM · 3d ago on Sep 27, 2026· 45m 26s· 2 players
Game mode
Random Map
Map size
Tiny (2 player)
Population
200
Speed
Normal
Resources
Standard
Victory
Conquest
Starting age
Dark Age
Ending age
Imperial Age
RankedLock teamsTeams togetherTeam positionsShared explorationLock speedFull tech treeHidden civsTurbo modeCheats
Victory
Defeat
🇵🇪 Vikings · Peru
1088
+15
🇪🇸 Bohemians · Spain
1074
-15
ronaldo_nazario
7:48 Loom
9:58 Feudal Age
10:55 Double-Bit Axe
15:03 Wheelbarrow
15:05 Horse Collar
19:30 Castle Age
19:43 Scale Barding Armor
20:26 Bow Saw
20:45 Heavy Plow
20:46 Light Cavalry
22:03 Fletching
24:30 Elite Skirmisher
28:29 Ballistics
28:14 Padded Archer Armor
35:51 Chemistry
36:26 Forging
42:07 Imperial Age
43:47 Chain Barding Armor
45:34 Town Watch
saitama G R I N C H
4:01 Loom
10:20 Feudal Age
10:53 Double-Bit Axe
10:52 Horse Collar
15:34 Forging
17:11 Scale Mail Armor
18:34 Fletching
19:14 Padded Archer Armor
20:01 Gold Mining
21:20 Town Watch
25:01 Castle Age
22:44 Man-at-Arms
25:07 Pikeman
26:08 Long Swordsman
36:49 Iron Casting
39:26 Imperial Age
38:39 Stone Mining
39:36 Town Patrol
40:38 Conscription
41:20 Blast Furnace
42:12 Chemistry
41:37 Elite Skirmisher
42:13 Bodkin Arrow
42:32 Two-Handed Swordsman
43:13 Bracer
46:05 Ballistics
Connection lost

Rejoining the realm…

Still unreachable

The connection could not be restored.

Session expired

The server has moved on; the page needs a fresh start.